 Dungeon Crawl Stone Soup version 0.31-a0-182-gc5ef74bbde (webtiles) character file.

Game seed: 17909595217187496501

462 qw the Chopper (level 7, -4/43 HPs)
             Began as a Gargoyle Fighter on June 20, 2023.
             Slain by an orc warrior
             ... wielding a +0 short sword
              (7 damage)
             ... on level 4 of the Dungeon.
             The game lasted 00:01:26 (2788 turns).

qw the Chopper (Gargoyle Fighter)                   Turns: 2788, Time: 00:01:26

Health: -4/43      AC: 15    Str: 22    XL:     7   Next: 7%
Magic:  7/7        EV: 14    Int:  8    God:
Gold:   203        SH:  4    Dex:  9    Spells: 6/6 levels left

rFire   . . .        Y - +1 war axe
rCold   . . .        c - +0 buckler
rNeg    + . .        b - +0 scale mail
rPois   inf          f - +2 helmet
rElec   +            (no cloak)
rCorr   .            h - +0 pair of gloves
SInv    .            (no boots)
Will    .....        (no amulet) Stlth
                     k - +5 ring of evasion
HPRegen 0.27/turn    (no ring)
MPRegen 0.10/turn

%: no passive effects
@: no status effects
A: sickness immunity, AC +4, negative energy resistance 1, electricity
resistance, torment resistance 1, petrification resistance
a: no special abilities


You were on level 4 of the Dungeon.
You visited 1 branch of the dungeon, and saw 4 of its levels.

You collected 203 gold pieces.


Innate Abilities, Weirdness & Mutations

You are immune to sickness and miasma.
Your stone body is resilient. (AC +4)
You are immune to poison.
You resist negative energy. (rN+)
You are resistant to electric shocks. (rElec)
You are resistant to unholy torment.
You are immune to petrification.


   Skills:
 - Level 4.1 Fighting
 + Level 5.9 Axes
 - Level 1.1 Throwing
 - Level 3.2 Armour
 - Level 1.3 Dodging
 - Level 3.2 Shields


You had 6 spell levels left.
You didn't know any spells.
Your spell library was empty.

Inventory:

Hand Weapons
 e - a +0 whip
 Y - a +1 war axe (weapon)
Missiles
 m - 2 silver boomerangs
Armour
 b - a +0 scale mail (worn)
 c - a +0 buckler (worn)
 f - a +2 helmet (worn)
 h - a +0 pair of gloves (worn)
Jewellery
 g - a ring of fire
 k - a +5 ring of evasion (left hand)
Scrolls
 o - a scroll of identify
Potions
 a - a potion of enlightenment {unknown}
 d - a potion of might
 i - a potion of attraction {unknown}

Dungeon Overview and Level Annotations

Branches:
Dungeon (4/15)
 Temple: D:4-7

Altars:


Message History

You slash the orc wizard!
You kill the orc wizard!
An endoplasm comes into view.
Found a whip.
Things that are here:
a +0 dagger; a +0 robe; an orc corpse You slash the orc warrior!
The orc warrior is heavily wounded.
You slash the orc priest!
An orc comes into view. It is wielding a +0 dagger.
The orc priest calls down the wrath of Beogh upon you.
Beogh smites you!
The orc warrior hits you with a +0 short sword.
You closely miss the orc priest.
The orc priest is severely wounded.
You barely miss the orc. You closely miss the orc warrior.
The orc shouts!
The orc priest begins to cast a cantrip, but forgets the words!
The orc priest barely misses you.
The orc warrior hits you but does no damage.
The orc misses you.
You slash the orc priest!
You kill the orc priest!
You barely miss the orc. You hit the orc warrior.
The orc priest calls upon Beogh to heal the orc warrior.
The orc warrior is healed somewhat.
The orc hits you but does no damage.
You have reached level 7!
You hit the orc warrior but do no damage.
The orc warrior is moderately wounded.
You hit the orc.
You kill the orc!
The orc warrior hits you with a +0 short sword!
The orc priest calls upon Beogh to heal the orc warrior.
The orc warrior is healed somewhat.
You barely miss the orc warrior.
The orc warrior is moderately wounded.
You slash the endoplasm!
You kill the endoplasm!
The orc warrior hits you with a +0 short sword!
You die...

########
#....<.# .
#......# #.
#...)..# #
#.)
#...<[.#.# ..
#........#
#.#..!...###
#........###
##..@o......#
##.o)....#..
#.o.....# .
#.........
..####..#[#
#[# #...# ..
..# ..# .#


You could see an orc warrior, an orc priest and an orc.

Vanquished Creatures
  Sigmund (D:2)
  2 orc priests
  Jessica (D:2)
  Ijyb (D:3)
  2 orc wizards
  Terence (D:3)
  3 adders
  A shadow imp (D:3)
  A dart slug (D:2)
  11 orcs
  6 bats
  8 endoplasms
  3 giant cockroaches
  5 hobgoblins
  7 kobolds
  3 quokkas
  6 ball pythons
  4 frilled lizards
  7 goblins
  9 rats
82 creatures vanquished.

Notes
Turn   | Place    | Note
-------+----------+-------------------------------------------
     0 | D:1      | qw the Gargoyle Fighter began the quest for the Orb.
     0 | D:1      | Reached XP level 1. HP: 14/14 MP: 1/1
     0 | D:1      | 0 ||| qw: Version: 0.3-a-9-g12657ce
     0 | D:1      | 0 ||| qw: Game counter: 1217
     0 | D:1      | 0 ||| qw: Always use a shield: true
     0 | D:1      | 0 ||| qw: God list: Okawaru
     0 | D:1      | 0 ||| qw: Allow faded altars: false
     0 | D:1      | 0 ||| qw: Do Orc after D:15 true
     0 | D:1      | 0 ||| qw: Do second Lair branch before Depths: true
     0 | D:1      | 0 ||| qw: Lair rune preference: random
     0 | D:1      | 0 ||| qw: Plans: Normal, Zot:1-4, Slime:5, God:TSO, Crypt,
                  | Tomb, Abyss, Pan, Hells, Win
     0 | D:1      | 0 ||| PLANNING D:1-11
     3 | D:1      | Noticed an electric eel
     4 | D:1      | Noticed an electric eel
    67 | D:1      | Reached skill level 2 in Axes
   128 | D:1      | Reached XP level 2. HP: 19/19 MP: 2/2
   637 | D:1      | 637 ||| READING scroll labelled OSADON XAUMAPU.
   647 | D:1      | 647 ||| READING scroll labelled VORIEC WAEG.
   648 | D:1      | 648 ||| READING scroll labelled LOPIOF LIETHEST.
   699 | D:2      | Reached skill level 3 in Axes
   744 | D:2      | Reached XP level 3. HP: 23/23 MP: 3/3
   759 | D:2      | 759 ||| Stepping ~*~*~tactically~*~*~ (stealth).
   760 | D:2      | 760 ||| Stepping ~*~*~tactically~*~*~ (stealth).
   761 | D:2      | 761 ||| Stepping ~*~*~tactically~*~*~ (stealth).
   793 | D:2      | Noticed Sigmund
   811 | D:2      | HP: 4/23 [something/magic dart (4)]
   818 | D:2      | HP: 3/23 [Sigmund/+0 scythe (3)]
   830 | D:2      | Killed Sigmund
   831 | D:2      | Reached skill level 5 in Axes
   831 | D:2      | Reached XP level 4. HP: 7/28 MP: 4/4
   831 | D:2      | Reached XP level 5. HP: 8/32 MP: 5/5
   934 | D:2      | 934 ||| Stepping ~*~*~tactically~*~*~ (hiding).
   957 | D:2      | Noticed Jessica
   958 | D:2      | 958 ||| Stepping ~*~*~tactically~*~*~ (hiding).
   965 | D:2      | Killed Jessica
   966 | D:2      | 966 ||| Stepping ~*~*~tactically~*~*~ (stealth).
  1084 | D:2      | 1084 ||| Stepping ~*~*~tactically~*~*~ (stealth).
  1085 | D:2      | 1085 ||| Stepping ~*~*~tactically~*~*~ (stealth).
  1126 | D:2      | Reached XP level 6. HP: 38/38 MP: 6/6
  1167 | D:2      | 1167 ||| Stepping ~*~*~tactically~*~*~ (stealth).
  1497 | D:2      | 1497 ||| UPGRADING to +2 helmet.
  1502 | D:2      | 1502 ||| READING scroll labelled KAUHIMMERGH.
  1585 | D:3      | Noticed Terence
  1592 | D:3      | Killed Terence
  1638 | D:3      | Noticed Ijyb
  1639 | D:3      | 1639 ||| Stepping ~*~*~tactically~*~*~ (hiding).
  1652 | D:3      | Killed Ijyb
  1653 | D:3      | Reached skill level 1 in Dodging
  1862 | D:3      | 1862 ||| Stepping ~*~*~tactically~*~*~ (hiding).
  1863 | D:3      | 1863 ||| Stepping ~*~*~tactically~*~*~ (hiding).
  2322 | D:3      | Found a faded altar of an unknown god.
  2462 | D:3      | 2462 ||| Stepping ~*~*~tactically~*~*~ (hiding).
  2491 | D:3      | 2491 ||| Stepping ~*~*~tactically~*~*~ (stealth).
  2493 | D:3      | 2493 ||| Stepping ~*~*~tactically~*~*~ (hiding).
  2643 | D:3      | 2643 ||| UPGRADING to +0 pair of gloves.
  2648 | D:3      | 2648 ||| UPGRADING to +5 ring of evasion.
  2649 | D:3      | 2649 ||| READING scroll labelled PIURESMUNORE.
  2650 | D:3      | 2650 ||| READING scroll labelled POPRUT WOME.
  2651 | D:3      | 2651 ||| READING scroll labelled OXKIBU GUDIEKAL.
  2674 | D:4      | 2674 ||| STAIRDANCE
  2713 | D:4      | 2713 ||| STAIRDANCE
  2721 | D:3      | Reached skill level 1 in Throwing
  2776 | D:4      | Noticed an orc warrior
  2784 | D:4      | HP: 8/38 [orc warrior/+0 short sword (6)]
  2787 | D:4      | Reached XP level 7. HP: 10/43 MP: 7/7
  2787 | D:4      | HP: 3/43 [orc warrior/+0 short sword (8)]
  2788 | D:4      | Slain by an orc warrior

Levels and vault maps discovered:
D:1:      arrival_aquarium_b, layout_basic, amcnicky_mini_pool_small
D:2:      layout_basic, kennysheep_pointless_box, minmay_misc_feat_diagonals,
          minmay_quantized, uniq_sigmund, uniq_jessica
D:3:      minmay_chambers_of_threes, layout_loops_corners,
          hellmonk_ecumenical_altar_slurped_away, uniq_ijyb, uniq_terence
D:4:      layout_rooms, general_overflow_altar, uniq_pikel, uniq_blork_the_orc

Skill      XL: |  1  2  3  4  5  6 |
---------------+-------------------+-----
Axes           | 2 3 5 |  5.9
Fighting       | 4 |  4.1
Dodging        | 1 |  1.3
Throwing       | 1 |  1.1
Armour         | |  3.2
Shields        | |  3.2

Action                     |  1- 3 |  4- 6 |  7- 9 || total
---------------------------+-------+-------+-------++-------
  Melee: War axe           |    58 |   141 |     2 ||   201
    Use: Scroll            |     3 |     4 |       ||     7
 Armour: Scale mail        |    39 |    69 |       ||   108
  Dodge: Dodged            |    19 |    52 |       ||    71
  Block: Buckler           |     3 |    17 |       ||    20

Table legend:
 A = Non-vault XP
 B = Vault XP
 C = Vault XP percentage of total XP
 D = Non-vault monster count
 E = Vault monster count
 F = Vault count percentage of total count
                 A         B        C        D         E       F
            +---------+---------+-------+---------+---------+-------
      Total |     278 |     384 |  58.0 |      60 |      22 |  26.8
            +---------+---------+-------+---------+---------+-------
        D:1 |      28 |       0 |   0.0 |      17 |       0 |   0.0
        D:2 |      40 |     272 |  87.2 |      18 |       7 |  28.0
        D:3 |     125 |     112 |  47.3 |      19 |      15 |  44.1
        D:4 |      85 |       0 |   0.0 |       6 |       0 |   0.0
            +---------+---------+-------+---------+---------+-------
